 Dungeon Sprint DCSS version 0.29-a0-723-gce39da1c22 (webtiles) character file.

Game seed: 2991732346451686047

4581 manyhoops the Bludgeoner (level 10, -14/70 HPs)
             Began as a Gargoyle Fighter on June 28, 2022.
             Was a Priest of Trog.
             Shot with an arrow by Nessos (17 damage)
             ... in the Dungeon (Sprint II: "The Violet Keep of Menkaure").
             The game lasted 00:09:39 (2764 turns).

manyhoops the Bludgeoner (Gargoyle Fighter)         Turns: 2764, Time: 00:09:40

Health: -14/70     AC: 37    Str: 24    XL:     10   Next: 41%
Magic:  10/10      EV:  4    Int:  7    God:    Trog [***...]
Gold:   203        SH:  0    Dex: 11    Spells: 9/9 levels left

rFire   + . .      SeeInvis +   a - +0 flail
rCold   . . .      Faith    .   c - +0 buckler
rNeg    + + +      Spirit   .   f - +8 plate armour "Ogacirgh" {rElec rN+++ Dex-5 Stlth-}
rPois   ∞          Reflect  .   b - +1 helmet {Int+3}
rElec   +          Harm     .   d - +1 cloak of Vonyx {Int-5 Dex+4 SInv}
rCorr   .          Rampage  .   i - +0 pair of gloves {Dex+3}
Will    ++...      NoTele   +   (no boots)
Stlth   ..........              (no amulet)
HPRegen 1.21/turn               g - ring of positive energy
MPRegen 0.12/turn               p - ring of protection from fire

@: brilliant, strong-willed (expiring), on berserk cooldown, held, regenerating
(expiring), slowed, very slow
A: sickness immunity, AC +7, negative energy resistance 1, electricity
resistance, torment resistance 1, petrification resistance
a: Renounce Religion, Berserk, Trog's Hand


You were in the Dungeon.
You worshipped Trog.
Trog was most pleased with you.
You visited 1 branch You collected 1170 gold pieces.
You spent 967 gold pieces at shops.

Inventory:

Hand Weapons
 a - a +0 flail (weapon)
Missiles
 l - a throwing net (quivered)
 w - 11 poisoned darts
Armour
 b - a +1 helmet of intelligence (worn)
 c - a +0 buckler (worn)
 d - the +1 cloak of Vonyx (worn) {Int-5 Dex+4 SInv}
   (You bought it in a shop in the Dungeon)

   Int:       It affects your intelligence (-5).
   Dex:       It affects your dexterity (+4).
   SInv:      It lets you see invisible.
 f - the +8 plate armour "Ogacirgh" (worn) {rElec rN+++ Dex-5 Stlth-}
   (You bought it in a shop in the Dungeon)

   Dex:       It affects your dexterity (-5).
   rElec:     It insulates you from electricity.
   rN:        It renders you almost immune to negative energy.
   Stlth:     It makes you less stealthy.
 i - a +0 pair of gloves of dexterity (worn)
Jewellery
 g - a ring of positive energy (left hand)
 p - a ring of protection from fire (right hand)
Scrolls
 j - a scroll of acquirement {unknown}
 m - a scroll of fear
 n - a scroll of amnesia
 q - a scroll of fog {unknown}
 r - a scroll of poison {unknown}
 v - a scroll of vulnerability {unknown}
Potions
 e - 4 potions of curing
 h - 5 potions of magic
 k - 2 potions of resistance
 t - a potion of cancellation {unknown}
Miscellaneous
 s - a condenser vane


   Skills:
 - Level 11.2 Fighting
 * Level 17.7 Maces & Flails
 - Level 12.1 Armour
 - Level 9.3 Shields


You had 9 spell levels left.
You didn't know any spells.
Your spell library was empty.

Dungeon Overview and Level Annotations

Branches:
Dungeon (1/1)

Altars:
Cheibriados
Dithmenos
Elyvilon
Fedhas
Gozag
Hepliaklqana
Kikubaaqudgha
Makhleb
Nemelex Xobeh
Okawaru
Qazlal
Ru
Sif Muna
Trog
Uskayaw
Vehumet
Wu Jian
Xom
Yredelemnul
Zin
The Shining One
Beogh
Jiyva
Lugonu

Shops:
D [:*[[:!?[?([[(==!=:

Annotations:
D exclusion: oklob plant, Nessos, Roxanne


Innate Abilities, Weirdness & Mutations

You are immune to sickness and miasma.
Your stone body is resilient. (AC +7)
You are immune to poison.
You resist negative energy. (rN+)
You are resistant to electric shocks. (rElec)
You are resistant to unholy torment.
You are immune to petrification.


Message History

Unknown command.
Nessos gestures wildly while chanting.
Nessos blinks!
Nessos casts a spell.
Nessos blinks!
Nessos drops a net on you.
You become entangled in the net!
Nessos shoots an arrow.
The arrow hits you.
There is an entrance to Xoucvela's Armour Shoppe here.
You see here a throwing net.
As you read the scroll of fear, it crumbles to dust.
You assume a fearsome visage.
Nessos looks frightened!
Nessos casts a spell.
Nessos blinks!
Nessos casts a spell.
Nessos blinks!
Nessos gestures wildly while chanting.
Nessos blinks!
Nessos casts a spell.
Nessos blinks!
Nessos gestures wildly while chanting.
Nessos blinks!
You struggle against the net.
Nessos shoots an arrow.
The arrow hits you but does no damage.
Nessos stands on their hind legs for a moment.
Nessos shoots an arrow.
The arrow hits you but does no damage.
Nessos shoots an arrow.
The arrow hits you but does no damage.
You struggle against the net.
You feel the effects of Trog's Hand fading.
Nessos shoots an arrow.
The arrow hits you!
* * * LOW HITPOINT WARNING * * *
The arrow burns you.
* * * LOW HITPOINT WARNING * * *
Nessos shoots an arrow.
The arrow hits you!
* * * LOW HITPOINT WARNING * * *
The arrow burns you.
* * * LOW HITPOINT WARNING * * *
Unknown command.
You struggle against the net.
Nessos gestures wildly while chanting.
Nessos blinks!
Nessos shoots an arrow.
The arrow hits you!
You die...

##≈≈§... ### ≈§.≈
#∩####'# ##....###
#∩..^..^.
###########.
:[:o.:ooo#.
###################^
#..@.∩≈§c^.......^..
####################


You could see Nessos (fast).

Vanquished Creatures
  A merfolk siren (D)
  A yaktaur (D)
  3 polar bears (D)
  A hornet (D)
  A blink frog (D)
  12 flying skulls (D)
  2 wyverns (D)
  4 water moccasins (D)
  4 scorpions (D)
  2 electric eels (D)
  3 worms (D)
  6 tentacles (D)
40 creatures vanquished.

Vanquished Creatures (others)
  Menkaure (D)
  A water moccasin (D)
  16 tentacles (D)
18 creatures vanquished.

Grand Total: 58 creatures vanquished

Notes
Turn   | Place    | Note
-------+----------+-------------------------------------------
     0 | D        | manyhoops the Gargoyle Fighter began the quest for the Orb.
     0 | D        | Reached XP level 1. HP: 14/14 MP: 1/1
    14 | D        | Reached XP level 2. HP: 20/20 MP: 2/2
    24 | D        | Noticed a scorpion
    24 | D        | Noticed a scorpion
    24 | D        | Noticed a scorpion
    24 | D        | Noticed a scorpion
    30 | D        | Killed a scorpion
    31 | D        | Reached skill level 5 in Fighting
    31 | D        | Reached skill level 3 in Maces & Flails
    31 | D        | Reached skill level 5 in Armour
    31 | D        | Reached skill level 5 in Shields
    31 | D        | Reached XP level 3. HP: 23/27 MP: 3/3
    31 | D        | Reached XP level 4. HP: 27/32 MP: 4/4
    32 | D        | Killed a scorpion
    33 | D        | Reached skill level 4 in Maces & Flails
    33 | D        | Reached XP level 5. HP: 30/37 MP: 5/5
    37 | D        | Reached skill level 5 in Maces & Flails
    38 | D        | Reached XP level 6. HP: 37/44 MP: 6/6
    91 | D        | Noticed a wyvern
    91 | D        | Noticed a wyvern
    97 | D        | Killed a wyvern
    98 | D        | Reached skill level 6 in Maces & Flails
   105 | D        | HP: 2/69 [wyvern (15)]
   108 | D        | Killed a wyvern
   109 | D        | Reached skill level 7 in Maces & Flails
   109 | D        | Reached XP level 7. HP: 3/52 MP: 7/7
   404 | D        | Noticed a merfolk siren
   426 | D        | Killed a merfolk siren
   427 | D        | Reached skill level 10 in Fighting
   427 | D        | Reached skill level 8 in Maces & Flails
   427 | D        | Reached skill level 10 in Armour
   427 | D        | Reached XP level 8. HP: 58/58 MP: 8/8
   461 | D        | Reached skill level 9 in Maces & Flails
   537 | D        | Found Ykloc's Jewellery Shoppe.
   537 | D        | Found Toduth's Distillery.
   538 | D        | Found Vyutat's Antique Weapon Shoppe.
   538 | D        | Found Neduen Gepu's Antique Armour Emporium.
   538 | D        | Found Vuoka's Jewellery Emporium.
   539 | D        | Found Tiutatap's Magic Scroll Emporium.
   539 | D        | Found Deduraon's Weapon Emporium.
   539 | D        | Found Orisayt's Antique Armour Shoppe.
   540 | D        | Found Ymiomuhi's Distillery.
   540 | D        | Found Wanu's Magic Scroll Emporium.
   540 | D        | Found Pallazis's Book Shoppe.
   540 | D        | Noticed a fire dragon
   541 | D        | Noticed a blink frog
   541 | D        | Noticed a manticore
   542 | D        | Found Qyod's Armour Shoppe.
   542 | D        | Found Biesyfao's Assorted Antiques.
   542 | D        | Noticed an oklob plant
   542 | D        | Noticed a manticore
   543 | D        | Found Huf Cas's Antique Armour Shoppe.
   543 | D        | Found Giot's Book Shoppe.
   547 | D        | Noticed a manticore
   623 | D        | Bought a faintly glowing cloak for 171 gold pieces
   623 | D        | Identified the +1 cloak of Vonyx {Int-5 Dex+4 SInv} (You
                  | bought it in a shop in the Dungeon)
   623 | D        | Bought a translucent plate armour for 504 gold pieces
   623 | D        | Identified the +8 plate armour "Ogacirgh" {rElec rN+++
                  | Dex-5 Stlth-} (You bought it in a shop in the Dungeon)
   623 | D        | Bought a pair of runed gloves for 135 gold pieces
   643 | D        | Killed Menkaure
   646 | D        | Bought a glowing helmet for 157 gold pieces
   669 | D        | Noticed a yak
   672 | D        | Killed a blink frog
   692 | D        | Noticed Roxanne
  1138 | D        | Reached skill level 10 in Maces & Flails
  1300 | D        | Found a glowing golden altar of the Shining One.
  1300 | D        | Found an ornate altar of the Wu Jian Council.
  1303 | D        | Found a stormy altar of Qazlal.
  1305 | D        | Found a shimmering altar of Xom.
  1305 | D        | Found a sacrificial altar of Ru.
  1305 | D        | Found a hazy altar of Hepliaklqana.
  1306 | D        | Found a basalt altar of Yredelemnul.
  1306 | D        | Found a shimmering blue altar of Sif Muna.
  1306 | D        | Found a viscous altar of Jiyva.
  1307 | D        | Found a glowing silver altar of Zin.
  1307 | D        | Found a bloodstained altar of Trog.
  1307 | D        | Found an ancient bone altar of Kikubaaqudgha.
  1307 | D        | Found a snail-covered altar of Cheibriados.
  1311 | D        | Found a hide-covered altar of Uskayaw.
  1311 | D        | Found a corrupted altar of Lugonu.
  1311 | D        | Found a shadowy altar of Dithmenos.
  1315 | D        | Found a radiant altar of Vehumet.
  1315 | D        | Found a burning altar of Makhleb.
  1315 | D        | Found a white marble altar of Elyvilon.
  1316 | D        | Found a sparkling altar of Nemelex Xobeh.
  1316 | D        | Found a blossoming altar of Fedhas.
  1318 | D        | Found an iron altar of Okawaru.
  1318 | D        | Found an opulent altar of Gozag.
  1318 | D        | Noticed a hornet
  1318 | D        | Noticed a polar bear
  1318 | D        | Noticed a polar bear
  1318 | D        | Noticed a yaktaur
  1319 | D        | Noticed a polar bear
  1325 | D        | Became a worshipper of Trog the Wrathful
  1337 | D        | Killed a hornet
  1348 | D        | Killed a polar bear
  1349 | D        | Reached skill level 11 in Maces & Flails
  1353 | D        | Killed a polar bear
  1353 | D        | Reached * piety under Trog
  1354 | D        | Reached XP level 9. HP: 58/64 MP: 9/9
  1373 | D        | Killed a polar bear
  1374 | D        | Reached skill level 12 in Maces & Flails
  1384 | D        | Killed a yaktaur
  1385 | D        | Reached skill level 13 in Maces & Flails
  1572 | D        | Noticed a kraken
  1769 | D        | Reached ** piety under Trog
  1807 | D        | Reached skill level 14 in Maces & Flails
  2429 | D        | Reached skill level 15 in Maces & Flails
  2438 | D        | Reached *** piety under Trog
  2439 | D        | Reached XP level 10. HP: 70/70 MP: 10/10
  2448 | D        | Reached skill level 16 in Maces & Flails
  2456 | D        | Reached **** piety under Trog
  2479 | D        | Reached skill level 17 in Maces & Flails
  2489 | D        | Noticed a sixfirhy
  2500 | D        | Reached ***** piety under Trog
  2671 | D        | Noticed a sixfirhy
  2680 | D        | Noticed a sixfirhy
  2689 | D        | Found Ceem Bug's Book Shoppe.
  2690 | D        | Found Niuche's Jewellery Boutique.
  2698 | D        | Found the +10 tower shield of Ignorance {rN+ Int-4}
  2728 | D        | Found Iwuut's Antique Armour Emporium.
  2730 | D        | Found Xoucvela's Armour Shoppe.
  2736 | D        | Noticed Nessos
  2763 | D        | HP: 3/70 [Nessos/arrow (10)]
  2763 | D        | HP: 1/70 [Nessos/arrow (2)]
  2764 | D        | Shot with an arrow by Nessos

Illustrated notes

Levels and vault maps discovered:
D:        the_violet_keep_of_menkaure [sprint2_stairs_cluster_1,
          sprint2_shoproom, sprint2_temple, sprint2_basic_supplies,
          sprint2_obstacle_6, sprint2_obstacle_1, sprint2_obstacle_7,
          sprint2_obstacle_5, sprint2_obstacle_2, sprint2_timed_cluster_1,
          sprint2_smallroom_cluster_1, sprint2_smallroom_final_cluster_1,
          sprint2_transparent_cluster_1, sprint2_second_timed_cluster_1,
          sprint2_sniper_area_1, sprint2_heavy_combat_area_1,
          sprint2_mutation_trap_area_1, sprint2_forest_area_1,
          sprint2_light_combat_area_1, sprint2_behind_water_1,
          sprint2_near_end_vault_1]

Skill      XL: |  1  2  3  4  5  6  7  8  9 10 |
---------------+-------------------------------+-----
Fighting       | 4 5 6 7 9 10 11 | 11.2
Maces & Flails | 3 4 5 7 8 11 15 17 | 17.7
Armour         | 5 6 7 9 10 12 | 12.1
Shields        | 5 6 7 8 9 |  9.3

Action                   |  1- 3 |  4- 6 |  7- 9 | 10-12 || total
-------------------------+-------+-------+-------+-------++-------
Melee: Flail             |    13 |    23 |   204 |    61 ||   301
Invok: Berserk           |       |       |     3 |     1 ||     4
       Trog's Hand       |       |       |     1 |     1 ||     2
       Brothers in Arms  |       |       |       |     1 ||     1
  Use: Potion            |     2 |     1 |     5 |     3 ||    11
       Scroll            |       |       |     3 |     2 ||     5
Armor: Scale mail        |     6 |     3 |     5 |       ||    14
       Plate armour      |       |       |   178 |    80 ||   258
Dodge: Dodged            |     3 |    10 |    68 |    29 ||   110
Block: Buckler           |     1 |     5 |    59 |    24 ||    89

Table legend: (Time is in decaauts)
 A = Elapsed time spent in this place.
 B = Non-inter-level travel time spent in this place.
 C = Inter-level travel time spent in this place.
 D = Time resting spent in this place.
 E = Time spent auto-exploring this place.
 F = Levels seen in this place.
 G = Mean time per level.
                   A        B        C        D        E       F      G
               +--------+--------+--------+--------+--------+-----+--------+
         Total |   2760 |   2760 |      0 |   1836 |    122 |   1 | 2760.0 |
       Dungeon |   2760 |   2760 |      0 |   1836 |    122 |   1 | 2760.0 |
               +--------+--------+--------+--------+--------+-----+--------+

Top non-repeatable levels by time:
       D: 2760 daAuts
